 Dungeon Crawl Stone Soup version 0.26-a0-812-g31a745ddcd (webtiles) character file.

Game seed: 4522153947989503968

2427 nicanaca0 the Slicer (level 9, -3/58 HPs)
             Began as a Halfling Berserker on Nov 22, 2020.
             Was an Elder of Trog.
             Killed from afar by a quicksilver dragon (16 damage)
             ... with a bolt of dispelling energy
             ... on level 1 of the Abyss.
             The game lasted 00:12:24 (8544 turns).

nicanaca0 the Slicer (Halfling Berserker)           Turns: 8544, Time: 00:12:25

Health: -3/58      AC: 11    Str: 20    XL:     9   Next: 77%
Magic:  9/9        EV: 14    Int:  2    God:    Trog [****..]
Gold:   679        SH:  5    Dex: 14    Spells: 8/8 levels left

rFire    . . .     SeeInvis +   o - +0 dagger (drain)
rCold    . . .     Faith    .   (shield restricted)
rNeg     + + .     Spirit   .   z - +2 leather armour of Starshine {rN+ rCorr Int-4}
rPois    .         Reflect  +   n - +2 helmet of Lefen {rElec}
rElec    +         Harm     .   u - +0 cloak
rCorr    +         Rampage  .   (no gloves)
MR       ++...                  (no boots)
Stlth    ++........             f - amulet of reflection
HPRegen  1.19/turn              j - ring of positive energy
MPRegen  0.11/turn              m - ring of see invisible

@: regenerating
A: small, mutation resistance 1
a: Berserk, Trog's Hand, Brothers in Arms, Renounce Religion


You were on level 1 of the Abyss.
You worshipped Trog.
Trog was greatly pleased with you.
You visited 1 branch of the dungeon, and saw 8 of its levels.
You visited the Abyss 1 time.
You also visited: Ossuary.

You collected 679 gold pieces.

Inventory:

Hand Weapons
 a - a +0 short sword
 o - a +0 dagger of draining (weapon)
Armour
 d - a +0 chain mail
 n - the +2 helmet of Lefen (worn) {rElec}
   (You took it off Robin on level 2 of the Dungeon)

   It insulates you from electricity.
 u - a +0 cloak (worn)
 z - the +2 leather armour of Starshine (worn) {rN+ rCorr Int-4}
   (You found it on level 7 of the Dungeon)

   It affects your intelligence (-4).
   It protects you from negative energy.
   It provides partial protection from all sources of acid and corrosion.
Jewellery
 f - an amulet of reflection (around neck)
 j - a ring of positive energy (left hand)
 m - a ring of see invisible (right hand)
Scrolls
 e - a scroll of amnesia {unknown}
 g - 11 scrolls of remove curse {@r2}
 h - a scroll of fear {unknown}
 k - a scroll of blinking {unknown}
 l - a scroll of silence {unknown}
 p - a scroll of magic mapping
 t - 2 scrolls of enchant armour {unknown}
 w - 3 scrolls of teleportation {unknown}
 x - a scroll of immolation {unknown}
 y - 3 scrolls of identify {@r1}
Potions
 b - a potion of berserk rage {unknown}
 c - a potion of mutation
 i - 2 potions of lignification
 q - a potion of attraction
 r - a potion of heal wounds {@q2}
 s - a potion of might
 v - 3 potions of curing {@q1}


   Skills:
 - Level 4.0 Fighting
 + Level 10.9 Short Blades
 + Level 9.0 Armour
 - Level 2.1 Dodging
 - Level 2.2 Stealth


You had 8 spell levels left.
You didn't know any spells.
Your spell library was empty.

Dungeon Overview and Level Annotations

Branches:
Dungeon (8/15)             Temple (0/1) D:5         Ossuary (visited)
   Lair: D:8-11

Altars:
Elyvilon
Fedhas
Gozag
Sif Muna
Zin

Shops:
D:5 :

Annotations:
D:8 1 runed translucent door, End1zNear's ghost, novice DDFi; Psyche


Innate Abilities, Weirdness & Mutations

You are small and have problems with some larger weapons.
You are somewhat resistant to further mutation.


Message History

The quicksilver dragon roars deafeningly!
You block the large abomination's attack.
The blink frog blinks!
The ufetubus barely misses you. x2
Found a tapered gold wand.
Your skin crawls.
You feel resistant to hostile enchantments.
The ufetubus completely misses you. You block the ufetubus's attack.
The ufetubus barely misses you. The ufetubus closely misses you.
The quicksilver dragon breathes dispelling energy at you.
The bolt of dispelling energy hits the ufetubus!!
The ufetubus dies!
The bolt of dispelling energy hits you!
A large abomination comes into view.
The quicksilver dragon breathes dispelling energy at you.
The bolt of dispelling energy hits you!!!
Ouch! That really hurt!
* * * LOW HITPOINT WARNING * * *
The quicksilver dragon breathes dispelling energy at you.
The bolt of dispelling energy hits you!
You die...

## ..#..X#
.####.
#...##.##.##..#
#######.../..#
#....#.##..#..
###.......#.##
........##.##
#####..#..#.#
.....##D.##
....X.. #@##
.......
##.......
....... #.#.##.
....... ...
......# ..#
.#.# ###


You could see a quicksilver dragon (catching breath).

Vanquished Creatures
  Maggie (D:6)
  Sigmund (D:3)
  Eustachio (D:6)
  An orc warrior (D:7)
  An ice beast (D:7)
  A black bear (D:6)
  An ogre (D:5)
  2 phantoms
  A centaur (D:6)
  A bullfrog (D:6)
  A wyvern zombie (D:7)
  2 scorpions
  A howler monkey (D:5)
  2 centaur zombies
  2 human zombies (Ossuary)
  A jelly (D:7)
  2 hounds
  A gnoll shaman (D:4)
  An orc priest (D:7)
  3 orc wizards
  3 iguanas
  4 worker ants
  A big kobold zombie (Ossuary)
  2 hound zombies
  A hound skeleton (D:4)
  2 mummies (Ossuary)
  A worker ant zombie (D:5)
  Robin (D:2)
  A howler monkey skeleton (D:5)
  14 gnolls
  7 adders
  A white imp (D:5)
  An ufetubus (D:7)
  An adder skeleton (D:6)
  An adder zombie (D:6)
  5 worms
  4 dart slugs
  5 leopard geckos
  14 orcs
  6 giant cockroaches
  16 goblins
  8 hobgoblins
  16 jackals
  5 quokkas
  2 ball pythons
  6 bats
  5 frilled lizards
  4 goblin zombies
  4 hobgoblin zombies (Ossuary)
  A jackal zombie (D:6)
  3 kobolds
  A leopard gecko skeleton (D:6)
  A leopard gecko zombie (D:5)
  3 orc zombies (Ossuary)
  4 rats
  A rat zombie (D:7)
182 creatures vanquished.

Vanquished Creatures (others)
  An ufetubus (Abyss:1)
  A fungus (D:8)
  3 plants (D:8)
  A toadstool (D:1)
6 creatures vanquished.

Grand Total: 188 creatures vanquished

Notes
Turn   | Place    | Note
-------+----------+-------------------------------------------
     0 | D:1      | nicanaca0 the Halfling Berserker began the quest for the
                  | Orb.
     0 | D:1      | Reached XP level 1. HP: 15/15 MP: 1/1
   125 | D:1      | Reached XP level 2. HP: 17/20 MP: 2/2
   217 | D:1      | Reached skill level 4 in Short Blades
   860 | D:2      | Reached XP level 3. HP: 23/25 MP: 3/3
  1057 | D:2      | Reached XP level 4. HP: 31/31 MP: 4/4
  1268 | D:2      | Reached ** piety under Trog
  1275 | D:2      | Reached skill level 5 in Short Blades
  1407 | D:2      | Found an opulent altar of Gozag.
  1407 | D:2      | Identified the +2 helmet of Lefen {rElec}
  1407 | D:2      | Noticed Robin
  1441 | D:2      | Reached XP level 5. HP: 27/36 MP: 5/5
  1449 | D:2      | Killed Robin
  2008 | D:2      | Found a blossoming altar of Fedhas.
  2332 | D:3      | Noticed Sigmund
  2396 | D:3      | Killed Sigmund
  2396 | D:3      | Reached skill level 6 in Short Blades
  2396 | D:3      | Reached XP level 6. HP: 14/43 MP: 6/6
  3155 | D:4      | Reached XP level 7. HP: 48/48 MP: 7/7
  3240 | D:4      | Reached skill level 1 in Stealth
  3428 | D:4      | Reached skill level 7 in Short Blades
  4204 | D:5      | Entered Level 5 of the Dungeon
  4570 | D:5      | Found a glowing silver altar of Zin.
  4584 | D:5      | Found a white marble altar of Elyvilon.
  4615 | D:5      | Reached skill level 5 in Armour
  4646 | D:5      | Found a staircase to the Ecumenical Temple.
  4701 | D:5      | Found Zoed's Book Shop.
  4841 | D:5      | Reached XP level 8. HP: 54/54 MP: 8/8
  4944 | D:5      | Reached skill level 8 in Short Blades
  5092 | D:5      | Found a shimmering blue altar of Sif Muna.
  5426 | D:6      | Noticed Maggie
  5453 | D:6      | Killed Maggie
  5453 | D:6      | Reached skill level 9 in Short Blades
  5704 | D:6      | Reached *** piety under Trog
  5704 | D:6      | Reached XP level 9. HP: 58/58 MP: 9/9
  5722 | D:6      | Noticed Eustachio
  5733 | D:6      | Killed Eustachio
  6115 | D:6      | Reached skill level 10 in Short Blades
  6538 | D:7      | Found a sand-covered staircase.
  6545 | Ossuary  | Entered an ossuary
  6913 | D:7      | Reached **** piety under Trog
  7873 | D:7      | Found a blossoming altar of Fedhas.
  7908 | D:7      | Got a masterwork leather armour
  7918 | D:7      | Identified the +2 leather armour of Starshine {rN+ rCorr
                  | Int-4} (You found it on level 7 of the Dungeon)
  8367 | D:8      | Found a runed translucent door.
  8367 | D:8      | Noticed End1zNear's ghost (novice DDFi)
  8425 | D:8      | Noticed Psyche
  8440 | D:8      | Cast into level 1 of the Abyss (Psyche)
  8530 | Abyss:1  | Noticed a blink frog
  8534 | Abyss:1  | Noticed a quicksilver dragon
  8539 | Abyss:1  | Noticed a large abomination
  8544 | Abyss:1  | Killed from afar by a quicksilver dragon

Illustrated notes

Levels and vault maps discovered:
D:1:      nagdon_arrival_zigzag_paths, layout_basic
D:2:      layout_loops_ring, grunt_decor_one_mirror, kennysheep_flooded_box,
          grunt_gozag_statues, uniq_robin
D:3:      layout_basic, uniq_sigmund
D:4:      layout_loops_corners, serial_rivers, chequers_serial_rivers_micro_e,
          chequers_serial_rivers_small_b, chequers_serial_rivers_micro_e,
          chequers_serial_rivers_large_a, chequers_serial_rivers_micro_c
D:5:      layout_basic, lemuel_round_altar, zin_scriptorium,
          minmay_temple_entry_steel_oval, serial_shops, shop,
          grunt_ministairs_3, led_sif_pool
D:6:      layout_basic, uniq_eustachio, uniq_maggie
D:7:      layout_basic, fedhas_altar_1, enter_ossuary_4
D:8:      layout_rooms, ebering_ghost_funeral_grove, serial_shops,
          nicolae_shop_temple_entry_statues_fountains, kennysheep_small_circle,
          uniq_psyche
Abyss:1:  base: D:3, evilmike_abyss_exit_vortex

Skill      XL: |  1  2  3  4  5  6  7  8  9 |
---------------+----------------------------+-----
Short Blades   | 4 5 6 7 9 10 | 10.9
Fighting       | 3 4 |  4.0
Armour         | 3 4 5 7 9 |  9.0
Stealth        | 2 |  2.2
Dodging        | |  2.1

Action                   |  1- 3 |  4- 6 |  7- 9 || total
-------------------------+-------+-------+-------++-------
Melee: Short sword       |    70 |   102 |       ||   172
       Dagger            |       |   137 |   891 ||  1028
Invok: Berserk           |     3 |     1 |     2 ||     6
       Trog's Hand       |       |     2 |     5 ||     7
  Use: Scroll            |       |     1 |     7 ||     8
 Stab: Sleeping          |     2 |       |       ||     2
Armor: Animal skin       |     1 |       |       ||     1
       Chain mail        |    23 |    69 |   244 ||   336
       Ring mail         |       |    26 |       ||    26
       Leather armour    |       |       |    15 ||    15
Dodge: Dodged            |    36 |   158 |   291 ||   485
Block: Other             |       |       |   107 ||   107
       Reflection        |       |       |     2 ||     2

Table legend: (Time is in decaauts)
 A = Elapsed time spent in this place.
 B = Non-inter-level travel time spent in this place.
 C = Inter-level travel time spent in this place.
 D = Time resting spent in this place.
 E = Time spent auto-exploring this place.
 F = Levels seen in this place.
 G = Mean time per level.
                   A        B        C        D        E       F      G
               +--------+--------+--------+--------+--------+-----+--------+
         Total |   8167 |   7905 |    262 |    872 |   5465 |  10 |  816.7 |
       Dungeon |   7810 |   7548 |    262 |    872 |   5317 |   8 |  976.2 |
         Abyss |    103 |    103 |      0 |      0 |     10 |   1 |  103.0 |
       Ossuary |    253 |    253 |      0 |      0 |    138 |   1 |  253.0 |
               +--------+--------+--------+--------+--------+-----+--------+

Top non-repeatable levels by time:
     D:7: 1464 daAuts
     D:2: 1328 daAuts
     D:4: 1113 daAuts
     D:5: 1066 daAuts
     D:6: 1060 daAuts
     D:3: 860 daAuts
     D:1: 855 daAuts
 Ossuary: 253 daAuts
 Abyss:1: 103 daAuts
     D:8: 60 daAuts
